 Dungeon Crawl Stone Soup version 0.32-a0-779-g362cfcae2a (webtiles) character file.

Game seed: 5642142463964051581

108 Dordric the Slasher (level 4, -2/33 HPs)
             Began as a Coglin Gladiator on Mar 20, 2024.
             Slain by an orc
             ... wielding a +0 short sword
              (5 damage)
             ... on level 3 of the Dungeon.
             The game lasted 00:01:35 (1494 turns).

Dordric the Slasher (Coglin Gladiator)              Turns: 1494, Time: 00:01:36

Health: -2/33      AC:  5    Str: 17    XL:     4   Next: 87%
Magic:  4/4        EV: 11    Int:  7    God:
Gold:   102        SH:  0    Dex: 17    Spells: 3/3 levels left

rFire   . . .        m - +5 arbalest "Tegeesena" {penet, rElec Str+2}
rCold   + . .        (shield currently unavailable)
rNeg    . . .        o - +1 leather armour {rC+}
rPois   .            c - +0 helmet
rElec   +            (no cloak)
rCorr   .            (no gloves)
SInv    .            (no boots)
Will    .....        (amulet unavailable)
Stlth   +            (ring unavailable)
HPRegen 0.25/turn    (ring unavailable)
MPRegen 0.09/turn    (no gizmo)

%: no passive effects
@: revved
A: off-hand wielding, slow wielding, warmup strikes, no jewellery
a: Invent Gizmo


You were on level 3 of the Dungeon.
You visited 1 branch of the dungeon, and saw 3 of its levels.

You collected 102 gold pieces.

Inventory:

Hand Weapons
 a - a +0 long sword {Sieglinde}
 f - a +0 dagger {LucĂ­a}
 m - the +5 arbalest "Tegeesena" (weapon) {penet, rElec Str+2}
   (You found it on level 2 of the Dungeon)

   Str+2:     It affects your strength (+2).
   rElec:     It insulates you from electricity.
Missiles
 d - 3 throwing nets
 e - a javelin
Armour
 b - a +0 leather armour
 c - a +0 helmet (worn)
 o - a +1 leather armour of cold resistance (worn)
Scrolls
 g - 2 scrolls of enchant armour {unknown}
 j - a scroll of immolation {unknown}
 k - 2 scrolls of fear {unknown}
 s - a scroll of identify {unknown}
Potions
 h - a potion of heal wounds {unknown}
 i - 2 potions of haste {unknown}
 l - 2 potions of brilliance {unknown}
 n - a potion of curing {unknown}
 p - a potion of might {unknown}
 q - 2 potions of enlightenment {unknown}
 r - 2 potions of invisibility {unknown}


   Skills:
 - Level 2.0 Fighting
 + Level 5.4 Long Blades
 - Level 1.7 Throwing
 - Level 2.6 Dodging


You had 3 spell levels left.
You didn't know any spells.
Your spell library was empty.

Dungeon Overview and Level Annotations

Branches:
Dungeon (3/15)

Altars:


Innate Abilities, Weirdness & Mutations

You can wield a second weapon in your off-hand.
It takes a long time for you to wield or remove held weapons.
Your first few attacks do less damage.
You cannot equip rings or amulets.


Message History

The orc hits you with a +0 club. The orc barely misses you.
You shoot a bolt. The bolt barely misses the orc.
The orc closely misses you. Something hits you but does no damage.
The orc barely misses you. x2
The orc hits you but does no damage. Something hits you but does no damage.
The orc hits you with a +0 club. The orc completely misses you.
You shoot a bolt. The bolt pierces through the orc!
You kill the orc!
The orc hits you but does no damage. Something hits you but does no damage.
The orc hits you with a +0 hand axe. The orc hits you with a +0 short sword.
Something hits you. The orc closely misses you.
You shoot a bolt. The bolt pierces through the orc.
The orc is lightly wounded.
The orc hits you but does no damage.
You hear some strange, mumbled words.
Something tries to affect you, but you resist.
The orc hits you with a +0 hand axe. The orc hits you but does no damage.
Something hits you. The orc hits you with a +0 hand axe.
You shoot a bolt.
Reactivating autopickup.
You feel a bit more experienced. The orc hits you with a +0 short sword.
The orc barely misses you. The orc hits you but does no damage. x2
You shoot a bolt. The bolt closely misses the orc.
The orc closely misses you. x2
The orc hits you with a +0 short sword.
* * * LOW HITPOINT WARNING * * *
The orc barely misses you.
You shoot a bolt. The bolt barely misses the orc.
The orc hits you but does no damage. The orc barely misses you.
The orc hits you with a +0 short sword.
* * * LOW HITPOINT WARNING * * *
The orc hits you with a +0 hand axe.
* * * LOW HITPOINT WARNING * * *
You shoot a bolt. The bolt pierces through the orc.
The orc is heavily wounded.
The orc barely misses you. x2; The orc hits you with a +0 short sword.
* * * LOW HITPOINT WARNING * * *
The orc hits you but does no damage.
You shoot a bolt. The bolt pierces through the orc.
You kill the orc!
The orc barely misses you. The orc hits you with a +0 short sword.
You die...

########...
#.)@.....?#
#.))o.###.#
#..)...#
#......#
#......#
#.#.....
.#.###.##
.# # ..


You could see an orc.

Vanquished Creatures
  An orc wizard (D:3)
  2 adders (D:2)
  A gnoll (D:1)
  3 dart slugs
  3 orcs (D:3)
  8 ball pythons
  2 bats (D:1)
  An endoplasm (D:2)
  A giant cockroach (D:2)
  2 goblins
  8 hobgoblins
  2 jackals (D:2)
  5 quokkas
  A frilled lizard (D:1)
  3 kobolds
  3 rats
46 creatures vanquished.

Notes
Turn   | Place    | Note
-------+----------+-------------------------------------------
     0 | D:1      | Dordric the Coglin Gladiator began the quest for the Orb.
     0 | D:1      | Reached XP level 1. HP: 16/16 MP: 1/1
   336 | D:1      | Reached XP level 2. HP: 22/22 MP: 2/2
   728 | D:1      | Reached skill level 4 in Long Blades
   728 | D:1      | Reached XP level 3. HP: 13/27 MP: 3/3
  1023 | D:2      | Identified the +5 arbalest "Tegeesena" {penet, rElec Str+2}
  1258 | D:2      | Reached XP level 4. HP: 33/33 MP: 4/4
  1331 | D:2      | Reached skill level 5 in Long Blades
  1494 | D:3      | Slain by an orc

Illustrated notes

Levels and vault maps discovered:
D:1:      shiori_shiawase, layout_basic, chequers_serial_rivers_small_b,
          minmay_misc_feat_encased, minmay_stone_trees_medium
D:2:      wander_river, layout_rooms
D:3:      minmay_recursive_quarters, layout_loops_cross,
          mainiacjoe_overflow_small_starburst, guppyfry_early_orc_mine,
          uniq_robin

Skill      XL: |  1  2  3  4 |
---------------+-------------+-----
Long Blades    | 4 5 |  5.4
Fighting       | |  2.0
Throwing       | |  1.7
Dodging        | |  2.6

Action                     |  1- 3 |  4- 6 || total
---------------------------+-------+-------++-------
  Melee: Long sword        |    61 |       ||    61
         Dagger            |    57 |       ||    57
   Fire: Arbalest          |    11 |    38 ||    49
   Stab: Sleeping          |     1 |       ||     1
 Armour: Leather armour    |    37 |    49 ||    86
  Dodge: Dodged            |    45 |    43 ||    88

Table legend: (Time is in decaauts)
 A = Elapsed time spent in this place.
 B = Non-inter-level travel time spent in this place.
 C = Inter-level travel time spent in this place.
 D = Time resting spent in this place.
 E = Time spent auto-exploring this place.
 F = Levels seen in this place.
 G = Mean time per level.
                   A        B        C        D        E       F      G
               +--------+--------+--------+--------+--------+-----+--------+
         Total |   1554 |   1518 |     36 |      0 |   1167 |   3 |  518.0 |
       Dungeon |   1554 |   1518 |     36 |      0 |   1167 |   3 |  518.0 |
               +--------+--------+--------+--------+--------+-----+--------+

Top non-repeatable levels by time:
     D:1: 976 daAuts
     D:2: 557 daAuts
     D:3: 20 daAuts
